 Dungeon Crawl Stone Soup version 0.20-a0-1121-gbb42413 (webtiles) character file.

3028 Monsterracer the Cleaver (level 9, -5/55 HPs)
             Began as a Gargoyle Fighter on May 10, 2017.
             Was a Priest of Qazlal.
             Slain by a two-headed ogre
             ... wielding a +0 giant spiked club
              (18 damage)
             ... on level 8 of the Dungeon.
             The game lasted 00:20:13 (7443 turns).

Monsterracer the Cleaver (Gargoyle Fighter)         Turns: 7443, Time: 00:20:14

Health: -5/55      AC: 23    Str: 22    XL:     9   Next: 85%
Magic:  12/12      EV:  7    Int: 10    God:    Qazlal [***...]
Gold:   541        SH:  7    Dex:  9    Spells: 3/8 levels left

rFire    . . .     SeeInvis .   a - +1 war axe
rCold    . . .     Gourm    .   m - +0 buckler
rNeg     + . .     Faith    .   b - +0 plate armour
rPois    ∞         Spirit   .   (helmet restricted)
rElec    +         Reflect  .   (no cloak)
rCorr    .         Harm     .   k - +2 pair of gloves
MR       .....                  u - +1 pair of boots
Stlth    ..........             q - amulet of regeneration (curse)
Regen    0.6/turn               (no ring)
MPRegen  0.2/turn               (no ring)

@: no status effects
A: antennae 1, blurry vision 1, negative energy resistance 1, electricity
resistance, unbreathing, petrification resistance, rot immunity, AC +5
a: Upheaval, Elemental Force, Renounce Religion


You were on level 8 of the Dungeon.
You worshipped Qazlal.
Qazlal was most pleased with you.
You were not hungry.

You visited 1 branch of the dungeon, and saw 8 of its levels.

You collected 541 gold pieces.

Inventory:

Hand Weapons
 a - a +1 war axe (weapon)
Armour
 b - a +0 plate armour (worn)
 k - a +2 pair of gloves (worn)
 m - a +0 buckler (worn)
 u - a +1 pair of boots (worn)
Jewellery
 q - a cursed amulet of regeneration (around neck)
 r - an uncursed amulet of magic regeneration {unknown}
Wands
 c - a wand of digging (5/24)
 l - a wand of flame (48/48)
 w - a wand of clouds (6/9)
 x - a wand of lightning (11/15)
Scrolls
 e - 5 scrolls of teleportation
 j - 3 scrolls of identify
 n - 2 scrolls of immolation
 p - a scroll of fog
 t - a scroll of magic mapping
 y - a scroll of remove curse
 A - a scroll of enchant weapon
Potions
 d - 3 potions of flight
 h - 4 potions of curing
 o - 2 potions of heal wounds
 z - a potion of agility
Comestibles
 f - 7 bread rations
 g - 5 meat rations
 i - 5 fruits
 s - 3 chunks of flesh
 v - 5 royal jellies


   Skills:
 + Level 6.1 Fighting
 * Level 8.9 Axes
 + Level 6.0 Armour
 + Level 3.7 Dodging
 - Level 3.2 Shields
 + Level 5.0 Invocations


You had 3 spell levels left.
You knew the following spells:

 Your Spells              Type           Power        Failure   Level  Hunger
a - Blink                 Tloc           N/A          100%        2    ###....
b - Conjure Flame         Conj/Fire      #.......     100%        3    ####...


Dungeon Overview and Level Annotations

Branches:
Dungeon (8/15)             Temple (0/1) D:6
   Lair: D:8-11

Altars:
Ashenzari
Gozag
Nemelex Xobeh
Qazlal
Wu Jian
Yredelemnul
The Shining One

Shops:
D:6 *


Innate Abilities, Weirdness & Mutations

You are resistant to torment.
Your stone body is resilient. (AC +5)
You are immune to poison.
You resist negative energy. (rN+)
You are resistant to electric shocks. (rElec)
You can survive without breathing.
You are immune to petrification.
You are immune to rotting.
You have a pair of small antennae on your head.
Scrolls take you a little longer to read.


Message History

You block the two-headed ogre's attack.
You hit the two-headed ogre.
The two-headed ogre is heavily wounded.
The two-headed ogre hits you but does no damage.
The two-headed ogre hits you with a giant club!
* * * LOW HITPOINT WARNING * * *
You hit the two-headed ogre.
The two-headed ogre is severely wounded.
The two-headed ogre hits you but does no damage. x2
Your plate armour prevents you from hitting the two-headed ogre.
The two-headed ogre is severely wounded.
You slash the two-headed ogre!
The two-headed ogre is almost dead.
The two-headed ogre hits you but does no damage.
The two-headed ogre hits you with a giant club.
* * * LOW HITPOINT WARNING * * *
You slash the two-headed ogre!
The two-headed ogre is almost dead.
The two-headed ogre hits you with a giant spiked club!!
You die...

#.# #. .# #.# #. #.#
#.# #.. #.# #.# #..
#.# ######.# #... #.#
#....... #...# #.#
#.###### #..######.#
#.# #..FO@....#####.#
$.......#####.......#
..###...# #.#######
#..># #.# #.### #.#
#. #(# #. #.# #. ..#
###


You could see a two-headed ogre and a bullfrog.

Vanquished Creatures
  Joseph (D:7)
  Prince Ribbit (D:6)
  A hippogriff (D:8)
  Sigmund (D:6)
  4 hogs (D:7)
  A human (D:7)
  An orc warrior (D:7)
  3 centaurs
  A gnoll sergeant (D:7)
  A water moccasin zombie (D:6)
  2 scorpions
  2 crimson imps
  2 bullfrog zombies
  2 orc priests
  A hound (D:5)
  An orc wizard (D:2)
  A centaur skeleton (D:7)
  2 iguanas
  Natasha (thrice) (D:2)
  Ijyb (D:4)
  3 worker ants
  A killer bee zombie (D:7)
  3 hound skeletons
  A howler monkey zombie (D:4)
  6 gnolls
  A howler monkey skeleton (D:4)
  13 adders
  3 shadow imps
  2 adder zombies (D:6)
  6 worms
  3 dart slugs
  5 leopard geckos
  20 orcs
  11 bats
  5 giant cockroaches
  11 goblins
  10 hobgoblins
  12 jackals
  4 quokkas
  2 frilled lizards
  2 gnoll zombies (D:6)
  4 goblin skeletons (D:5)
  2 hobgoblin zombies (D:5)
  9 kobolds
  A kobold skeleton (D:5)
  2 kobold zombies (D:5)
  An orc skeleton (D:5)
  An orc zombie (D:5)
  2 quokka zombies
  6 rats
184 creatures vanquished.

Vanquished Creatures (others)
  A bat (D:3)
1 creature vanquished.

Grand Total: 185 creatures vanquished

Notes
Turn   | Place    | Note
-------+----------+-------------------------------------------
     0 | D:1      | Monsterracer the Gargoyle Fighter began the quest for the Orb.
     0 | D:1      | Reached XP level 1. HP: 14/14 MP: 1/1
    29 | D:1      | Reached skill level 2 in Axes
    83 | D:1      | Reached XP level 2. HP: 13/19 MP: 2/2
   489 | D:1      | Reached skill level 3 in Axes
   495 | D:1      | Reached XP level 3. HP: 20/23 MP: 3/3
   853 | D:2      | Found an opulent altar of Gozag.
   938 | D:2      | Noticed Natasha
   954 | D:2      | Killed Natasha
   954 | D:2      | Reached XP level 4. HP: 18/28 MP: 4/4
   958 | D:2      | Reached skill level 4 in Axes
  1037 | D:2      | Noticed Natasha
  1042 | D:2      | Killed Natasha
  1054 | D:2      | Noticed Natasha
  1061 | D:2      | Killed Natasha
  1061 | D:2      | Reached XP level 5. HP: 16/32 MP: 5/5
  1244 | D:2      | Reached skill level 5 in Axes
  1753 | D:2      | Reached XP level 6. HP: 33/37 MP: 6/6
  2018 | D:3      | Learned a level 2 spell: Blink
  2022 | D:3      | Learned a level 3 spell: Conjure Flame
  2448 | D:3      | Reached skill level 6 in Axes
  2649 | D:3      | Found a sparkling altar of Nemelex Xobeh.
  2790 | D:3      | Found a stormy altar of Qazlal.
  2818 | D:3      | Became a worshipper of Qazlal Stormbringer
  3343 | D:4      | Gained mutation: Scrolls take you a little longer to read. [potion of mutation]
  3343 | D:4      | Gained mutation: You have a pair of small antennae on your head. [potion of mutation]
  3692 | D:4      | Reached * piety under Qazlal
  3714 | D:4      | Noticed Ijyb
  3722 | D:4      | Killed Ijyb
  3722 | D:4      | Reached XP level 7. HP: 40/41 MP: 7/7
  3737 | D:4      | Learned a level 2 spell: Blink
  3835 | D:4      | Found an ornate altar of the Wu Jian Council.
  4372 | D:5      | Entered Level 5 of the Dungeon
  4380 | D:5      | Reached skill level 1 in Invocations
  4581 | D:5      | Reached skill level 1 in Dodging
  4844 | D:5      | Found a glowing golden altar of the Shining One.
  4938 | D:5      | Reached ** piety under Qazlal
  5459 | D:6      | Reached XP level 8. HP: 48/48 MP: 9/9
  5571 | D:6      | Noticed Sigmund
  5579 | D:6      | Killed Sigmund
  5579 | D:6      | Reached skill level 7 in Axes
  5740 | D:6      | Found a basalt altar of Yredelemnul.
  5817 | D:6      | Found Jeotiam's General Store.
  5887 | D:6      | Noticed Prince Ribbit
  5919 | D:6      | Killed Prince Ribbit
  5952 | D:6      | Found a staircase to the Ecumenical Temple.
  5974 | D:6      | Found a shattered altar of Ashenzari.
  6534 | D:7      | Reached skill level 5 in Fighting
  6534 | D:7      | Reached skill level 5 in Armour
  6627 | D:7      | Reached XP level 9. HP: 51/54 MP: 11/11
  6785 | D:7      | Reached skill level 8 in Axes
  6878 | D:7      | Noticed Joseph
  6902 | D:7      | Killed Joseph
  7305 | D:7      | Reached *** piety under Qazlal
  7344 | D:8      | Reached skill level 5 in Invocations
  7428 | D:8      | Noticed a two-headed ogre
  7443 | D:8      | Slain by a two-headed ogre

Vault maps used:
D:1:      elethiomel_arrival_quiet
D:2:      cheibrodos_pilgrimage, overflow_temple_1_default, uniq_natasha
D:3:      kennysheep_six_static_rooms, grunt_qazlal_clouds, lemuel_round_altar
D:4:      kennysheep_goblin_castle, overflow_temple_1_default, serial_glass,
          glass_columns_c, glass_columns_b, first_bread
D:5:      nicolae_tso_besieged_by_evil
D:6:      kennysheep_mini, lemuel_zombie_altar_yredelemnul,
          minmay_temple_entry_butterflies, serial_shops, shop,
          uniq_prince_ribbit1, uniq_sigmund
D:7:      grunt_livestock, uniq_joseph
D:8:      supply_closet_lemuel

Skill      XL: |  1  2  3  4  5  6  7  8  9 |
---------------+----------------------------+-----
Axes           | 2 3 4 5 6 7 8 |  8.9
Invocations    | 2 3 5 |  5.0
Dodging        | 1 2 3 |  3.7
Fighting       | 4 5 6 |  6.1
Armour         | 4 5 6 |  6.0
Shields        | |  3.2

Action                   |  1- 3 |  4- 6 |  7- 9 || total
-------------------------+-------+-------+-------++-------
Melee: War axe           |    97 |   249 |   332 ||   678
  Use: Potion            |     3 |     3 |     6 ||    12
       Scroll            |       |     9 |     7 ||    16
  Eat: Chunk             |       |    10 |    12 ||    22
Armor: Scale mail        |    67 |   114 |    61 ||   242
       Chain mail        |       |       |    45 ||    45
       Plate armour      |       |       |   103 ||   103
Dodge: Dodged            |    27 |    71 |   124 ||   222
Block: Shield            |    54 |   153 |       ||   207
       Reflection        |       |     1 |       ||     1
       Buckler           |       |       |   132 ||   132
